 Dungeon Crawl Stone Soup version 0.20-a0-11-ga97c7b5 (webtiles) character file.

191 MrRokkomies the Conjurer (level 5, 0/45 HPs)
             Began as a Demigod Conjurer on Nov 2, 2016.
             Slain by a giant cockroach (2 damage)
             ... on level 4 of the Dungeon.
             The game lasted 00:07:59 (2781 turns).

MrRokkomies the Conjurer (Demigod Conjurer)         Turns: 2781, Time: 00:08:00

Health: 0/45       AC:  7    Str: 11    XL:     5   Next: 18%
Magic:  6/10       EV:  9    Int: 21    God:
Gold:   145        SH:  0    Dex: 16    Spells: 2 memorised, 4 levels left

rFire  . . .     SeeInvis .     n - +1 whip (venom)
rCold  . . .     Gourm    .     j - +1 scale mail
rNeg   . . .     Faith    .     (no shield)
rPois  .         Spirit   .     (no helmet)
rElec  .         Reflect  .     (no cloak)
rCorr  .         Harm     .     (no gloves)
MR     .....                    (no boots)
Stlth  +.........               (no amulet)
                                (no ring)
                                (no ring)

@: no status effects
A: high mp 1
a: no special abilities


You were on level 4 of the Dungeon.
You were hungry.

You visited 1 branch of the dungeon, and saw 4 of its levels.

You collected 145 gold pieces.

Inventory:

Hand Weapons
 i - a +1 great mace of pain
 n - a +1 whip of venom (weapon)
Missiles
 e - 6 javelins of penetration
 o - 2 throwing nets
 q - 5 tomahawks of returning (quivered)
Armour
 j - a +1 scale mail (worn)
Wands
 p - a wand of lightning (4/15)
Scrolls
 g - 3 scrolls of remove curse
 k - a scroll of enchant armour
 l - a scroll of teleportation
 m - 2 scrolls of noise
Potions
 d - 4 potions of curing
 f - a potion of magic {unknown}
 h - a potion of resistance {unknown}
 r - 2 potions of degeneration {unknown}
Books
 b - a book of Conjurations

   Spells                             Type                      Level
   a - Magic Dart                     Conjuration                  1
   b - Searing Ray                    Conjuration                  2
   c - Dazzling Spray                 Conjuration/Hexes            3
   d - Fulminant Prism                Conjuration/Hexes            4
   e - Iskenderun's Mystic Blast      Conjuration                  4
   f - Iskenderun's Battlesphere      Conjuration/Charms           5
Comestibles
 a - a slice of pizza
 c - 4 bread rations


   Skills:
 * Level 3.3 Fighting
 - Level 1.7 Dodging
 - Level 1.7 Stealth
 - Level 1.7 Spellcasting
 * Level 4.9 Conjurations


You had 4 spell levels left.
You knew the following spells:

 Your Spells              Type           Power        Failure   Level  Hunger
a - Magic Dart            Conj           ###.         14%         1    #......
b - Searing Ray           Conj           ###...       21%         2    ###....


Dungeon Overview and Level Annotations

Branches:
Dungeon (4/15)
 Temple: D:4-7


Innate Abilities, Weirdness & Mutations

You have an increased reservoir of magic. (+10% MP)


Message History

Confirm with . or Enter, or press ? or * to list all spells.
Aiming: Searing Ray
Press: ? - help, Shift-Dir - straight line, f - iguana
Aim: an iguana (severely wounded)
The searing ray hits the iguana.
The iguana is almost dead.
The searing ray misses the iguana.
The iguana bites you!
* * * LOW HITPOINT WARNING * * *
The searing ray hits the iguana.
You kill the iguana!
Throwing (i - inventory. (,) - cycle):
q - 6 tomahawks of returning (quivered)
Press: ? - help, Shift-Dir - straight line, f - giant cockroach
Aim: a giant cockroach (clinging)
You throw a tomahawk of returning.
The tomahawk of returning hits the giant cockroach but does no damage.
The tomahawk of returning fails to return to your pack!
The giant cockroach bites you.
* * * LOW HITPOINT WARNING * * *
You barely miss the giant cockroach. The giant cockroach bites you.
You die...

,,* *,* *,* #.#.....#### ,,* *,*
****,* #.#.....# ,** *,* *,,,,*
#.####### +** *,* *,**,* #.# *
,,***,* *,**,* ##.## *#
,,,**,***,**,* ###...## *#.
,,,,*,,,,,,,,* #......## *#..
,,,,,****...#######.###...####...
,,,,,+>,,......s@...# #......'...
,,,,,***,....######.#*#...####...
,,,,** *,.,*,* #......## *#..
,,,** *,,**,* ###...## *#. ,,**
*,,**,* #.### *# +** *,,**,* #.#
* ,* *,,,,,* #.* ,* **,**** *,*
###### ,********,* *,* #.....


You could see a giant cockroach.

Vanquished Creatures
  2 iguanas (D:4)
  Terence (D:2)
  3 adders
  3 gnolls (D:3)
  A worm (D:3)
  3 dart slugs
  A leopard gecko (D:1)
  3 giant cockroaches
  5 goblins
  7 hobgoblins
  4 jackals (D:2)
  7 kobolds
  2 quokkas
  3 bats
  2 frilled lizards
  8 rats
55 creatures vanquished.

Notes
Turn   | Place    | Note
-------+----------+-------------------------------------------
     0 | D:1      | MrRokkomies the Demigod Conjurer began the quest for the Orb.
     0 | D:1      | Reached XP level 1. HP: 14/14 MP: 5/5
   205 | D:1      | Reached skill level 1 in Fighting
   646 | D:1      | Reached XP level 2. HP: 22/23 MP: 7/7
   650 | D:1      | Learned a level 2 spell: Searing Ray
  1207 | D:2      | Reached skill level 4 in Conjurations
  1270 | D:2      | Reached XP level 3. HP: 27/29 MP: 3/8
  1418 | D:2      | Found a stormy altar of Qazlal.
  1447 | D:2      | Noticed Terence
  1482 | D:2      | Killed Terence
  1482 | D:2      | Reached XP level 4. HP: 17/37 MP: 3/9
  1886 | D:3      | Found a bloodstained altar of Trog.
  2690 | D:4      | Reached XP level 5. HP: 45/45 MP: 10/10
  2780 | D:4      | HP: 2/45 [giant cockroach (2)]
  2781 | D:4      | Slain by a giant cockroach

Vault maps used:
D:1:      dpeg_arrival_houses_and_road
D:2:      grunt_qazlal_clouds, nrook_mini_vaults, uniq_terence
D:3:      first_bread, trog_hazing_becter
D:4:      minmay_a_box_with_orc_wizards_in_it

Skill      XL: |  1  2  3  4 |
---------------+-------------+-----
Fighting       | 1 2 3 |  3.3
Conjurations   | 4 |  4.9
Dodging        | |  1.7
Stealth        | |  1.7
Spellcasting   | |  1.7

Action                   |  1- 3 |  4- 6 || total
-------------------------+-------+-------++-------
Melee: Mace              |    75 |    43 ||   118
       Unarmed           |     6 |       ||     6
       Short sword       |     4 |       ||     4
       Whip              |       |    25 ||    25
Throw: Tomahawk          |       |     1 ||     1
 Cast: Magic Dart        |     6 |       ||     6
       Searing Ray       |     4 |     3 ||     7
  Use: Scroll            |     3 |     3 ||     6
       Potion            |       |     1 ||     1
  Eat: Chunk             |     2 |     4 ||     6
Armor: Ring mail         |    38 |       ||    38
       Skin              |     6 |       ||     6
       Scale mail        |       |    33 ||    33
Dodge: Dodged            |    76 |    47 ||   123
